 Dungeon Crawl Stone Soup version 0.29.1-4-g47bece8355 (webtiles) character file.

Game seed: 10284974552004217711

25 Hercules1031 the Chopper (level 3, -7/33 HPs)
             Began as a Hill Orc Monk on Dec 7, 2022.
             Mangled by a gnoll
             ... wielding a +0 flail
              (11 damage)
             ... on level 1 of the Dungeon.
             The game lasted 00:02:24 (1278 turns).

Hercules1031 the Chopper (Hill Orc Monk)            Turns: 1278, Time: 00:02:24

Health: -7/33      AC:  3    Str: 15    XL:     3   Next: 6%
Magic:  3/3        EV: 10    Int: 10    God:
Gold:   88         SH:  7    Dex: 13    Spells: 2/2 levels left

rFire   . . .      SeeInvis .   a - +0 hand axe
rCold   . . .      Faith    .   f - +0 kite shield
rNeg    . . .      Spirit   .   e - +0 leather armour
rPois   .          Reflect  .   (no helmet)
rElec   .          Harm     .   (no cloak)
rCorr   .          Rampage  .   (no gloves)
Will    .....                   (no boots)
Stlth   ++........              (no amulet)
HPRegen 0.11/turn               (no ring)
MPRegen 0.08/turn               (no ring)

@: no status effects
A: no striking features
a: no special abilities


You were on level 1 of the Dungeon.
You visited 1 branch of the dungeon, and saw 2 of its levels.

You collected 88 gold pieces.

Inventory:

Hand Weapons
 a - a +0 hand axe (weapon)
Armour
 e - a +0 leather armour (worn)
 f - a +0 kite shield (worn)
Scrolls
 d - a scroll of magic mapping {unknown}
 i - a scroll of vulnerability {unknown}
Potions
 b - a potion of flight {unknown}
 c - 2 potions of ambrosia
 g - 2 potions of curing {unknown}
 h - a potion of heal wounds {unknown}
 j - a potion of lignification {unknown}


   Skills:
 * Level 4.2 Fighting
 + Level 4.3 Axes
 + Level 0.4 Armour
 - Level 2.5 Dodging
 - Level 1.5 Stealth
 * Level 0.9 Shields


You had 2 spell levels left.
You didn't know any spells.
Your spell library was empty.

Dungeon Overview and Level Annotations

Branches:
Dungeon (2/15)

Altars:


Message History

Done exploring.
Done exploring.
There is a stone staircase leading down here.
You climb downwards.
Found 7 stones.
There is a stone staircase leading up here.
A gnoll comes into view. It is wielding a +0 spear.
The gnoll shouts!
The hobgoblin shouts!
A gnoll comes into view. It is wielding a +0 flail.
You block the gnoll's attack.
The gnoll shouts!
You block the gnoll's attack.
You hit the gnoll.
The gnoll is lightly wounded.
You block the gnoll's attack. x2
You hit the gnoll.
The gnoll is moderately wounded.
You block the gnoll's attack. The gnoll barely misses you.
The gnoll hits you from afar with a +0 spear.
You hit the gnoll but do no damage.
The gnoll is moderately wounded.
You block the gnoll's attack. The gnoll barely misses you.
The gnoll hits you from afar with a +0 spear.
You barely miss the gnoll.
The gnoll is moderately wounded.
The gnoll hits you from afar with a +0 halberd!
You block the gnoll's attack. The gnoll closely misses you.
The gnoll hits you from afar with a +0 halberd!
* * * LOW HITPOINT WARNING * * *
The gnoll hits you with a +0 flail.
* * * LOW HITPOINT WARNING * * *
The gnoll completely misses you.
There is a stone staircase leading up here.
You block the gnoll's attack.
You climb upwards.
There is a stone staircase leading down here.
You hit the gnoll.
The gnoll is heavily wounded.
The gnoll hits you with a +0 flail!
You die...

#..≈######♣##'##♣######≈..###.###
...≈≈≈≈≈≈≈≈≈≈.≈≈≈≈≈≈≈≈≈≈....#.# #
#.............##....#.....#.#.# #
#..##########.##.##.#..####.#.# #
#.## #.##.##.#..####.#.### #..#
#.##.##.#.......#.#.. #..#
#.##.##.#########.#.# #..#
#.##.##...........#.# #..#
#..g@##############.# #..#
########.#####.......# #.#
#..####............#.#####.# #.#
#.......######.##.##.....#.# #.#
##.###..# #.##.##..##.#.# #.#
#..#...# #.##.##..##.#.# #..
##....## #.##.....#..#.######
####.# #.######.##.#....... #.#
#........##.########


You could see a gnoll.

Vanquished Creatures
  3 dart slugs (D:1)
  A bat (D:1)
  2 endoplasms (D:1)
  2 giant cockroaches (D:1)
  2 goblins (D:1)
  2 hobgoblins (D:1)
  A quokka (D:1)
  A frilled lizard (D:1)
  2 kobolds (D:1)
  A rat (D:1)
17 creatures vanquished.

Notes
Turn   | Place    | Note
-------+----------+-------------------------------------------
     0 | D:1      | Hercules1031 the Hill Orc Monk began the quest for the Orb.
     0 | D:1      | Reached XP level 1. HP: 19/19 MP: 1/1
   464 | D:1      | Reached XP level 2. HP: 15/27 MP: 2/2
   901 | D:1      | Found a faded altar of an unknown god.
   915 | D:1      | Reached XP level 3. HP: 33/33 MP: 3/3
  1278 | D:1      | Mangled by a gnoll

Illustrated notes

Levels and vault maps discovered:
D:1:      saegor_arrival_fortress, layout_basic, chequers_ecumenical_altar_grove
D:2:      minmay_roachtagon, layout_rooms, minivault_4

Skill      XL: |  1  2 |
---------------+-------+-----
Fighting       | 4 |  4.2
Axes           | |  4.3
Armour         | |  0.4
Dodging        | |  2.5
Stealth        | |  1.5
Shields        | |  0.9

Action                   || total
-------------------------++-------
Melee: Hand axe          ||    70
 Stab: Sleeping          ||     3
Armor: Leather armour    ||    18
       Robe              ||     1
Dodge: Dodged            ||    33
Block: Kite shield       ||    22
